 Dungeon Crawl Stone Soup version 0.17-a0-1949-g1acca9a (webtiles) character file.

473 Herrn the Shield-Bearer (level 7, -2/55 HPs)
             Began as a Formicid Fighter on Oct 2, 2015.
             Slain by an iguana (8 damage)
             ... on level 4 of the Dungeon.
             The game lasted 00:05:29 (2560 turns).

Herrn the Shield-Bearer (Formicid Fighter)          Turns: 2560, Time: 00:05:29

Health: -2/55      AC: 12    Str: 22      XL:     7   Next: 32%
Magic:  7/7        EV:  9    Int: 12      God:
Gold:   102        SH:  0    Dex:  7 (10) Spells: 0 memorised, 6 levels left

rFire  . . .     SeeInvis +     a - +0 war axe
rCold  . . .     Clarity  .     b - +0 scale mail
rNeg   . . .     SustAt   .     c - +0 shield
rPois  .         Gourm    .     (helmet unavailable)
rElec  .         Spirit   .     i - +0 cloak
rCorr  .         Warding  .     p - +2 pair of gloves
rMut   .         Stasis   +     (no boots)
MR     .....                    (no amulet)
Stlth  ..........               (no ring)
                                d - +1 ring of protection

@: confused, lethally poisoned (-2 -> -12), not resistant to hostile
enchantments, extremely unstealthy
A: permanent stasis, dig shafts and tunnels, four strong arms, antennae 3,
blurry vision 1, clever 1, strong 1
a: Dig, Shaft Self


You were on level 4 of the Dungeon.
You were not hungry.

You visited 1 branch of the dungeon, and saw 4 of its levels.

You collected 102 gold pieces.

Inventory:

Hand weapons
 a - a +0 war axe (weapon)
Armour
 b - a +0 scale mail (worn)
 c - a +0 shield (worn)
 i - a +0 cloak (worn)
 o - a cursed +0 chain mail
 p - a +2 pair of gloves (worn)
Jewellery
 d - a +1 ring of protection (left hand)
Scrolls
 f - 3 scrolls of noise {unknown}
 h - 2 scrolls of identify {unknown}
 k - a scroll of immolation {unknown}
 l - 2 scrolls of remove curse {unknown}
 u - a scroll of fog {unknown}
 v - a scroll of teleportation {unknown}
Potions
 n - a potion of flight
Comestibles
 e - 3 bread rations
 j - a meat ration
 s - 3 fruits
 t - 4 chunks of flesh


   Skills:
 + Level 4.3 Fighting
 * Level 5.0 Axes
 + Level 4.1 Armour
 + Level 2.4 Dodging
 + Level 5.0 Shields


You had 6 spell levels left.
You didn't know any spells.

Dungeon Overview and Level Annotations

Branches:
Dungeon (4/15)
 Temple: D:4-7

Altars:
Ashenzari
Makhleb
The Shining One


Innate Abilities, Weirdness & Mutations

You are under a permanent stasis effect.
You can dig through walls and to a lower floor.
Your four strong arms can wield two-handed weapons with a shield.
You have a pair of large antennae on your head (SInv).
Scrolls take you a little longer to read.
Your mind is acute. (Int +2)
Your muscles are strong. (Str +2)


Message History

The orc grunts noisily, in orcish tradition.
The iguana bites you.
* * * LOW HITPOINT WARNING * * *
Drink which item? (? for menu, Esc to quit)
It was a potion of mutation.
You feel extremely strange.
Your vision blurs.
You feel clever.
You feel stronger. The iguana bites you.
* * * LOW HITPOINT WARNING * * *
Drink which item? (? for menu, Esc to quit)
It was a potion of ambrosia.
You are confused.
You feel invigorated.
The iguana bites you but does no damage.
Drink which item? (? for menu, Esc to quit)
It was a potion of poison.
That liquid tasted very nasty...
You are lethally poisoned!
* * * LOW HITPOINT WARNING * * *
You feel sick. The iguana bites you!
You die...

....... .......
..o....## .........
# ....l...# #..
..oo..{.# ###...#
......{.######....#
{#.#oool@.#
#%(.#######
##.###>...
..###..##..######
...........(.<...#
...######.#......#
. #........#
###..†...# #..<...#


You could see an iguana and 3 orcs.

Vanquished Creatures
  The ghost of Kusio the Ruffian, an average TrMo (D:3)
  Sigmund (D:3)
  A hound (D:4)
  An orc wizard (D:3)
  3 adders
  3 worms
  4 giant geckos
  2 orcs (D:4)
  A ball python (D:2)
  A giant cockroach (D:2)
  12 goblins
  6 hobgoblins
  A quokka (D:3)
  2 bats
  4 giant newts
  6 jackals
  6 kobolds
  7 rats
62 creatures vanquished.

Notes
Turn   | Place    | Note
--------------------------------------------------------------
     0 | D:1      | Herrn the Formicid Fighter began the quest for the Orb.
     0 | D:1      | Reached XP level 1. HP: 18/18 MP: 1/1
   108 | D:1      | Reached XP level 2. HP: 18/24 MP: 2/2
   726 | D:1      | Reached XP level 3. HP: 22/29 MP: 3/3
   888 | D:2      | Reached skill level 4 in Shields
  1012 | D:2      | Reached XP level 4. HP: 27/37 MP: 4/4
  1653 | D:3      | Noticed Kusio's ghost (average TrMo)
  1665 | D:3      | Killed Kusio's ghost
  1665 | D:3      | Reached skill level 1 in Dodging
  1665 | D:3      | Reached XP level 5. HP: 14/42 MP: 5/5
  1665 | D:3      | Reached XP level 6. HP: 16/48 MP: 6/6
  2005 | D:3      | Found a shattered altar of Ashenzari.
  2232 | D:3      | Found a burning altar of Makhleb.
  2232 | D:3      | Found a glowing golden altar of the Shining One.
  2436 | D:4      | Noticed Sigmund
  2452 | D:3      | Killed Sigmund
  2452 | D:3      | Reached XP level 7. HP: 40/54 MP: 7/7
  2466 | D:4      | Reached skill level 5 in Shields
  2471 | D:4      | Reached skill level 5 in Axes
  2558 | D:4      | Gained mutation: Scrolls take you a little longer to read. [potion of mutation]
  2558 | D:4      | Gained mutation: Your mind is acute. (Int +2) [potion of mutation]
  2558 | D:4      | Gained mutation: Your muscles are strong. (Str +2) [potion of mutation]
  2558 | D:4      | HP: 1/55 [iguana (3)]
  2560 | D:4      | Slain by an iguana

Vault maps used:
D:1:      minmay_arrival_solitary_statue
D:3:      ashenzari_conservatory_becter, gammafunk_temple_overflow_wave,
          first_bread
D:4:      lemuel_upstairs_altar, uniq_sigmund

Action                   |  1- 3 |  4- 6 |  7- 9 || total
-------------------------+-------+-------+-------++-------
Melee: War axe           |    95 |   110 |    18 ||   223
  Use: Potion            |       |     2 |     4 ||     6
  Eat: Chunk             |       |     3 |     1 ||     4
       Fruit             |       |     2 |       ||     2
